 Dungeon Sprint DCSS version 0.27-a0-1302-g7736ffe575 (console) character file.

Game seed: 11629404488726300562

269 Banquo the Thaumaturge (level 6, -4/49 HPs)
             Began as a Djinni Venom Mage on June 18, 2021.
             Slain by a slime creature (6 damage)
             ... in the Dungeon (Sprint I: "Red Sonja").
             The game lasted 00:04:06 (382 turns).

Banquo the Thaumaturge (Djinni Venom Mage)           Turns: 382, Time: 00:04:10

Health: -4/49      AC:  2    Str:  7    XL:     6   Next: 46%
Gold:   108        EV: 13    Int: 18    God:
                   SH:  0    Dex: 14

rFire    + + .     SeeInvis .   e - +0 club
rCold    x . .     Faith    .   (no shield)
rNeg     . . .     Spirit   .   a - +0 robe
rPois    ∞         Reflect  .   (no helmet)
rElec    .         Harm     .   (no cloak)
rCorr    .         Rampage  .   (no gloves)
Will     .....     NoTele   +   (boots unavailable)
Stlth    ++........             (no amulet)
HPRegen  0.16/turn              (no ring)
MPRegen  0.00/turn              (no ring)

@: flying
A: sickness immunity, fire resistance 2, cold vulnerability 1, float, innate
caster, hp casting, extra vitality 1
a: no special abilities


You were in the Dungeon.
You visited 1 branch You collected 108 gold pieces.

Inventory:

Hand Weapons
 e - a +0 club (weapon)
Armour
 a - a +0 robe (worn)
 g - a +0 chain mail
Scrolls
 f - a scroll of blinking
Potions
 b - a potion of curing
 c - a potion of heal wounds
 d - a potion of haste


   Skills:
 * Level 5.5 Fighting
 - Level 3.2 Dodging
 - Level 2.1 Stealth
 - Level 0.7 Unarmed Combat
 + Level 8.6 Spellcasting


You had 6 spell levels left.
You knew the following spells:

 Your Spells              Type           Power      Damage    Failure   Level
a - Sting                 Tmut/Pois      100%       1d8       1%          1
b - Static Discharge      Conj/Air       38%        N/A       1%          2
c - Mephitic Cloud        Conj/Pois/Air  38%        N/A       1%          3
f - Freeze                Ice            100%       1d11      1%          1
i - Ignite Poison         Fire/Tmut/Pois 38%        N/A       1%          3
p - Poisonous Vapours     Pois/Air       76%        N/A       1%          2
O - Olgreb's Toxic Radia  Pois           38%        N/A       2%          4
Your spell library was empty.

Dungeon Overview and Level Annotations

Branches:
Dungeon (1/1)

Altars:
Makhleb
Xom
Jiyva
Lugonu


Innate Abilities, Weirdness & Mutations

You are immune to sickness and miasma.
You are immune to poison.
Your flesh is very heat resistant. (rF++)
You are vulnerable to cold. (rC-)
You float through the air rather than walking.
You learn spells naturally, not from books.
Your magical power is your life essence.
You have superior vitality. (+4 HP)


Message History

The slime creature closely misses you.
There is an open door here.
Casting: Mephitic Cloud (safe; 1% risk of failure)
Confirm with . or Enter, or press ? or * to list all spells.
You ignite the poison in your surroundings!
The slime creature is engulfed in blazing flames.
The slime creature misses you.
Unknown command.
Really attack while wielding nothing?
Okay, then.
Unknown command.
e - a +0 club (weapon)
The slime creature is engulfed in blazing flames.
The slime creature hits you.
You hit the slime creature.
The slime creature is moderately wounded.
The slime creature is engulfed in blazing flames.
The slime creature hits you but does no damage.
You hit the slime creature but do no damage.
The slime creature is heavily wounded.
The slime creature is engulfed in blazing flames.
The slime creature hits you.
You hit the slime creature.
The slime creature is severely wounded.
The slime creature hits you! x2
You completely miss the slime creature.
The slime creature is severely wounded.
The slime creature hits you!
* * * LOW HITPOINT WARNING * * *
Press: ? - help, v - describe, . - travel
Here: a slime creature (severely wounded)
The floor.
Casting: Ignite Poison (safe; 1% risk of failure)
Confirm with . or Enter, or press ? or * to list all spells.
The slime creature is struck by an arc of lightning!
The slime creature is almost dead.
The lightning grounds out.
* * * LOW HITPOINT WARNING * * *
The slime creature hits you.
You die...

###################
#<.#..'))#..'..#__#
#..÷..#..'..#..@J.+
#..#####+#####+#_°#
#..# ### #..# #..#
#⌠⌠# ####


You could see a slime creature.

Vanquished Creatures
  Sigmund (D)
  An ogre (D)
  Ijyb (D)
3 creatures vanquished.

Notes
Turn   | Place    | Note
-------+----------+-------------------------------------------
     0 | D        | Banquo the Djinni Venom Mage began the quest for the Orb.
     0 | D        | Reached XP level 1. HP: 15/15 MP: 0/0
     1 | D        | Noticed Ijyb
    24 | D        | Killed Ijyb
    25 | D        | Reached skill level 4 in Spellcasting
    25 | D        | Reached XP level 2. HP: 12/21 MP: 0/0
    25 | D        | Reached XP level 3. HP: 14/25 MP: 0/0
    25 | D        | Learned a level 1 spell: Freeze
   209 | D        | Noticed an ogre
   216 | D        | Killed an ogre
   217 | D        | Reached skill level 6 in Spellcasting
   217 | D        | Reached XP level 4. HP: 26/35 MP: 0/0
   217 | D        | Reached XP level 5. HP: 30/40 MP: 0/0
   217 | D        | Learned a level 2 spell: Static Discharge
   297 | D        | Noticed Sigmund
   308 | D        | Killed Sigmund
   309 | D        | Reached skill level 5 in Fighting
   309 | D        | Reached skill level 8 in Spellcasting
   309 | D        | Reached XP level 6. HP: 40/49 MP: 0/0
   373 | D        | Found a burning altar of Makhleb.
   373 | D        | Found a viscous altar of Jiyva.
   373 | D        | Found a shimmering altar of Xom.
   373 | D        | Found a corrupted altar of Lugonu.
   373 | D        | Noticed a slime creature
   382 | D        | Slain by a slime creature

Illustrated notes

Levels and vault maps discovered:
D:        dungeon_sprint_1 [red_sonja_temple_1, red_sonja_temple_small_1]

Skill      XL: |  1  2  3  4  5 |
---------------+----------------+-----
Dodging        | 3 |  3.2
Stealth        | 2 |  2.1
Spellcasting   | 4 6 8 |  8.6
Fighting       | 3 5 |  5.5
Unarmed Combat | |  0.7

Action                   |  1- 3 |  4- 6 || total
-------------------------+-------+-------++-------
Melee: Unarmed           |    21 |       ||    21
       Club              |       |     4 ||     4
 Cast: Sting             |     5 |     6 ||    11
       Mephitic Cloud    |     1 |     2 ||     3
       Ignite Poison     |       |     1 ||     1
       Static Discharge  |       |     1 ||     1
  Use: Potion            |     1 |       ||     1
Armor: Robe              |     1 |     1 ||     2
Dodge: Dodged            |    10 |     2 ||    12

Table legend: (Time is in decaauts)
 A = Elapsed time spent in this place.
 B = Non-inter-level travel time spent in this place.
 C = Inter-level travel time spent in this place.
 D = Time resting spent in this place.
 E = Time spent auto-exploring this place.
 F = Levels seen in this place.
 G = Mean time per level.
                   A        B        C        D        E       F      G
               +--------+--------+--------+--------+--------+-----+--------+
         Total |    383 |    383 |      0 |    309 |      0 |   1 |  383.0 |
       Dungeon |    383 |    383 |      0 |    309 |      0 |   1 |  383.0 |
               +--------+--------+--------+--------+--------+-----+--------+

Top non-repeatable levels by time:
       D: 383 daAuts
